 Dungeon Crawl Stone Soup version 0.26.1-2-gb8aa6d0cf2 (webtiles) character file.

Game seed: 818118694232103253

11648 Qrupt the Covert (level 11, -7/77 HPs)
             Began as an Octopode Brigand on Mar 7, 2021.
             Was a Follower of Ashenzari.
             Mangled by a white ugly thing (34 damage)
             ... on level 11 of the Dungeon.
             The game lasted 00:27:46 (13604 turns).

Qrupt the Covert (Octopode Brigand)                Turns: 13604, Time: 00:27:47

Health: -7/77      AC:  5    Str: 12    XL:     11   Next: 81%
Magic:  4/18       EV: 18    Int: 22    God:    Ashenzari [*.....]
Gold:   990        SH:  5    Dex: 15    Spells: 10/20 levels left

rFire    . . .     SeeInvis +   w - +8 mace of the Silent Majority {flame, rElec SInv} (curse)
rCold    . . .     Faith    .   v - +0 buckler
rNeg     . . .     Spirit   .   (helmet restricted)
rPois    .         Reflect  .   (no amulet)
rElec    +         Harm     .   e - +4 ring of protection (curse)
rCorr    +         Rampage  .   i - +6 ring of intelligence (curse)
Will     .....                  t - ring of flight
Stlth    ++++++....             F - ring of resist corrosion (curse)
HPRegen  0.22/turn              G - ring of wizardry (curse)
MPRegen  0.16/turn              I - ring of Uczasch {rElec Int+2 SInv} (curse)
                                (no ring)
                                (no ring)

@: no status effects
A: almost no armour, stealthy swim, amphibious, 8 rings, constrict 8, camouflage
1, gelatinous body 1
a: Renounce Religion, Evoke Flight, Curse Item, Scrying


You were on level 11 of the Dungeon.
You worshipped Ashenzari.
Ashenzari was aware of your devotion.
You visited 3 branches of the dungeon, and saw 13 of its levels.
You also visited: Sewer.

You collected 990 gold pieces.

Inventory:

Hand Weapons
 a - a +2 dagger
 u - a +4 mace
 w - the cursed +8 mace of the Silent Majority (weapon) {flame, rElec SInv}
   (You found it on level 4 of the Dungeon)

   It has been specially enchanted to burn those struck by it, causing extra
   injury to most foes and up to half again as much damage against particularly
   susceptible opponents.
   It insulates you from electricity.
   It lets you see invisible.
   It has a curse placed upon it.
 K - the +6 flail of World's End {vorpal, +Rage rElec rC+}
   (You found it on level 8 of the Dungeon)

   It inflicts extra damage upon your enemies.
   It protects you from cold.
   It insulates you from electricity.
   It lets you go berserk.
Missiles
 b - 19 poisoned darts (quivered)
 c - a curare-tipped dart
Armour
 g - a +0 tower shield
 v - a +0 buckler (worn)
Jewellery
 e - a cursed +4 ring of protection (left tentacle)
 i - a cursed +6 ring of intelligence (right tentacle)
 t - a ring of flight (on tentacle)
 F - a cursed ring of resist corrosion (on tentacle)
 G - a cursed ring of wizardry (on tentacle)
 I - the cursed ring of Uczasch (on tentacle) {rElec Int+2 SInv}
   (You found it on level 8 of the Dungeon)

   [ring of see invisible]

   It affects your intelligence (+2).
   It insulates you from electricity.
   It lets you see invisible.
   It has a curse placed upon it.
Wands
 x - a wand of disintegration (19)
 H - a wand of paralysis (4)
 M - a wand of iceblast (8)
Scrolls
 d - 5 scrolls of immolation {unknown}
 h - 4 scrolls of fear {unknown}
 k - a scroll of enchant armour {unknown}
 l - 4 scrolls of fog
 m - a scroll of acquirement {unknown}
 p - 3 scrolls of amnesia {unknown}
 r - 7 scrolls of teleportation {unknown}
 s - 2 scrolls of remove curse
 y - 4 scrolls of magic mapping {unknown}
 E - 3 scrolls of noise {unknown}
 L - 3 scrolls of identify
Potions
 f - 2 potions of resistance
 n - 2 potions of curing
 o - 4 potions of brilliance
 q - a potion of ambrosia {unknown}
 A - 3 potions of flight
 B - a potion of invisibility {unknown}
 C - a potion of berserk rage {unknown}
 D - 3 potions of degeneration
 J - 2 potions of mutation {unknown}


   Skills:
 + Level 8.0 Fighting
 - Level 2.0 Short Blades
 + Level 6.9 Maces & Flails
 - Level 2.0 Throwing
 + Level 7.7 Dodging
 + Level 12.1 Stealth
 - Level 4.0 Shields
 + Level 5.2 Spellcasting
 + Level 5.3 Conjurations
 + Level 5.3 Fire Magic


You had 10 spell levels left.
You knew the following spells:

 Your Spells              Type           Power        Failure   Level
a - Foxfire               Conj/Fire      100%         1%          1
b - Sticky Flame          Conj/Fire      29%          4%          4
c - Fireball              Conj/Fire      14%          12%         5

Your spell library contained the following spells:

 Spells                   Type           Power        Failure   Level
 Conjure Flame            Conj/Fire      29%          1%          3
 Inner Flame              Hex/Fire       17%          4%          3
 Poisonous Vapours        Pois/Air       10%          6%          2
 Mephitic Cloud           Conj/Pois/Air  13%          6%          3
 Freezing Cloud           Conj/Ice/Air   6%           95%         6


Dungeon Overview and Level Annotations

Branches:
Dungeon (11/15)            Temple (1/1) D:6            Lair (0/6) D:11
    Orc (1/2) D:9           Sewer (visited)

Altars:
Ashenzari
Cheibriados
Dithmenos
Elyvilon
Fedhas
Gozag
Hepliaklqana
Kikubaaqudgha
Makhleb
Nemelex Xobeh
Okawaru
Qazlal
Ru
Sif Muna
Trog
Uskayaw
Vehumet
Wu Jian
Xom
Yredelemnul
Zin
The Shining One

Shops:
D:10 ((


Innate Abilities, Weirdness & Mutations

You cannot wear most types of armour.
You are very stealthy in the water. (Stealth+)
You are amphibious.
You can wear up to eight rings at the same time.
You can use your tentacles to constrict eight enemies at once.
Your skin changes colour to match your surroundings (Stealth+).
Your rubbery body absorbs attacks. (AC +1, EV +1)


Message History

The white ugly thing is severely wounded.
You constrict the white ugly thing.
The white ugly thing closely misses you.
You hit the white ugly thing. You burn the white ugly thing.
The white ugly thing is almost dead.
You constrict the white ugly thing. The white ugly thing trunk-slaps you!
The white ugly thing freezes you!!
You hit the white ugly thing but do no damage.
The white ugly thing is almost dead.
You constrict the white ugly thing. The white ugly thing trunk-slaps you!
The white ugly thing freezes you!!
* * * LOW HITPOINT WARNING * * *
Aiming: Paralyse
Press: ? - help, Shift-Dir - straight line, f/p - white ugly thing
Aim: a white ugly thing (almost dead, constricted by you, chance to affect: 28%)
Okay, then.
Unknown command.
You feel much better.
You constrict the white ugly thing. The white ugly thing trunk-slaps you.
The white ugly thing freezes you!!
You die...

........'......#
........#......#
........#......#
........#......#
#########.###+####
#...............#
#...............+
#...............#
#..............@#
##....).####'###u#
........#.....#..o
.....<..#.....#....
........#.....#.....
........#.....#......
........#.....#.......
........#.....#........
........#.....#


You could see a white ugly thing and an orc.

Vanquished Creatures
  Erolcha (D:9)
  A hydra (D:10)
  Nergalle (D:10)
  An ugly thing (D:10)
  A freezing wraith (D:10)
  A hornet (D:10)
  2 wraiths (D:10)
  Grum (D:8)
  13 yaks
  A warg (D:10)
  2 water moccasins
  A soldier ant (D:10)
  7 orc warriors
  A phantom (D:8)
  5 ice beasts
  5 black bears
  An eye of draining (D:10)
  2 necrophages (D:10)
  2 sky beasts
  2 wolves (D:8)
  8 ogres
  3 centaurs
  4 bullfrogs
  2 gnoll sergeants
  3 scorpions
  A wyvern skeleton (D:8)
  A killer bee (D:10)
  7 wights
  3 howler monkeys (D:8)
  A bullfrog zombie (D:10)
  A quasit (D:5)
  2 centaur zombies
  7 jellies
  A centaur skeleton (D:7)
  5 orc priests
  A bullfrog skeleton (D:9)
  A gnoll shaman (D:6)
  4 hounds
  5 orc wizards
  An iguana (D:8)
  7 worker ants
  2 hound zombies
  2 howler monkey skeletons
  A worker ant zombie (D:6)
  10 adders
  22 gnolls
  A river rat (D:6)
  3 shadow imps
  3 white imps
  An ufetubus (D:8)
  7 oozes
  8 worms
  4 dart slugs
  9 leopard geckos
  25 orcs
  3 ball pythons
  17 bats
  8 giant cockroaches
  9 goblins
  8 hobgoblins
  12 jackals
  15 kobolds
  3 quokkas
  7 frilled lizards
  A leopard gecko skeleton (D:7)
  2 quokka skeletons
  12 rats
314 creatures vanquished.

Vanquished Creatures (others)
  A plant (D:10)
1 creature vanquished.

Grand Total: 315 creatures vanquished

Notes
Turn   | Place    | Note
-------+----------+-------------------------------------------
     0 | D:1      | Qrupt the Octopode Brigand began the quest for the Orb.
     0 | D:1      | Reached XP level 1. HP: 14/14 MP: 1/1
    76 | D:1      | Reached XP level 2. HP: 17/19 MP: 2/2
   369 | D:1      | Reached XP level 3. HP: 20/25 MP: 3/3
   594 | D:1      | Reached skill level 6 in Stealth
   794 | D:2      | Reached XP level 4. HP: 30/30 MP: 4/4
  1193 | D:2      | Found a radiant altar of Vehumet.
  1402 | D:2      | Reached XP level 5. HP: 36/36 MP: 5/5
  2161 | D:3      | Reached skill level 7 in Stealth
  2561 | D:3      | Reached XP level 6. HP: 41/43 MP: 6/6
  2923 | D:4      | Found a hazy altar of Hepliaklqana.
  3022 | D:4      | Found an iron altar of Okawaru.
  3030 | D:4      | Got a smouldering mace
  3031 | D:4      | Identified the +8 mace of the Silent Majority {flame, rElec
                  | SInv} (You found it on level 4 of the Dungeon)
  3131 | D:4      | Found a snail-covered altar of Cheibriados.
  3229 | D:5      | Entered Level 5 of the Dungeon
  3315 | D:5      | Reached skill level 1 in Shields
  3334 | D:5      | Reached skill level 1 in Maces & Flails
  3499 | D:5      | Reached XP level 7. HP: 48/48 MP: 7/7
  4144 | D:6      | Found a staircase to the Ecumenical Temple.
  4220 | D:6      | Found a glowing drain.
  4233 | Sewer    | Entered a sewer
  4862 | D:6      | Found a shimmering altar of Xom.
  4889 | D:6      | Reached skill level 8 in Stealth
  5018 | D:6      | Reached XP level 8. HP: 44/54 MP: 8/8
  5844 | D:7      | Reached skill level 5 in Fighting
  6101 | D:7      | Reached skill level 9 in Stealth
  6206 | D:7      | Found a stormy altar of Qazlal.
  6246 | D:7      | Reached skill level 5 in Dodging
  6271 | D:7      | Found a burning altar of Makhleb.
  6620 | Temple   | Entered the Ecumenical Temple
  7088 | Temple   | Became a worshipper of Ashenzari the Shackled
  7136 | D:8      | Identified the ring of Uczasch {rElec Int+2 SInv}
  7146 | D:8      | Reached skill level 1 in Spellcasting
  7152 | D:8      | Reached XP level 9. HP: 49/61 MP: 10/10
  7269 | D:8      | Identified the +6 flail of World's End {vorpal, +Rage rElec
                  | rC+}
  7320 | D:8      | Learned a level 1 spell: Foxfire
  7325 | D:8      | Learned a level 4 spell: Sticky Flame
  7331 | D:8      | Learned a level 5 spell: Fireball
  7625 | D:8      | Reached skill level 1 in Conjurations
  7625 | D:8      | Reached skill level 1 in Fire Magic
  8183 | D:8      | Reached skill level 10 in Stealth
  8321 | D:8      | Noticed Grum
  8334 | D:8      | Killed Grum
  9363 | D:8      | Reached skill level 5 in Maces & Flails
  9363 | D:8      | Reached XP level 10. HP: 69/69 MP: 14/14
  9608 | D:9      | Found a staircase to the Orcish Mines.
  9683 | D:9      | Noticed Erolcha
  9699 | D:9      | Killed Erolcha
  9935 | D:9      | Found an ornate altar of the Wu Jian Council.
  9957 | D:9      | Reached skill level 11 in Stealth
 10249 | D:9      | Found a shimmering blue altar of Sif Muna.
 10573 | Orc:1    | Entered Level 1 of the Orcish Mines
 10600 | Orc:1    | Noticed an orc knight
 10643 | D:10     | Entered Level 10 of the Dungeon
 10939 | D:9      | Reached XP level 11. HP: 22/75 MP: 2/17
 11700 | D:10     | Reached * piety under Ashenzari
 11957 | D:10     | Noticed a four-headed hydra
 12028 | D:10     | Found Lyv Sogh's Weapon Emporium.
 12143 | D:10     | Found Esam's Hydra Hut.
 12146 | D:10     | Noticed Nergalle
 12148 | D:10     | Noticed a six-headed hydra
 12164 | D:10     | Killed Nergalle
 12369 | D:10     | Noticed a red ugly thing
 12378 | D:10     | Killed a red ugly thing
 12396 | D:10     | Reached skill level 5 in Conjurations
 12612 | D:10     | Reached skill level 5 in Spellcasting
 12612 | D:10     | Reached skill level 5 in Fire Magic
 12690 | D:10     | Reached skill level 12 in Stealth
 12826 | D:10     | Killed a four-headed hydra
 13340 | D:11     | Found a staircase to the Lair.
 13340 | D:11     | Noticed a manticore
 13595 | D:11     | Noticed a white ugly thing
 13604 | D:11     | Mangled by a white ugly thing

Illustrated notes

Levels and vault maps discovered:
D:1:      lightli_arrival_statue_moat, layout_rooms
D:2:      minmay_chambers_of_twos, layout_rooms, vehumet_crystals
D:3:      minmay_door_path, layout_basic, nrook_campfire,
          minmay_stone_trees_medium
D:4:      layout_rooms, nzn_hepliaklqana_mist_gate, kennysheep_slug_shrine,
          okawaru_ov_weapons_minmay
D:5:      layout_loops_ring
D:6:      layout_rooms, temple_pool_b, basic_altar, portal_sewer_entry_b
D:7:      layout_rooms, nicolae_overflow_hidden_temple,
          nicolae_overflow_crystal_walls
D:8:      layout_loops_corners, minmay_misc_feat_x, fountainhead, uniq_grum
D:9:      layout_long_grid, lemuel_doored_altar, lemuel_round_altar,
          orc_0_dummy, serial_park_tiny_2, chequers_serial_rivers_large_a,
          uniq_erolcha
D:10:     hangedman_cross_cluster, layout_cave_pools, serial_shops, shop,
          minmay_misc_feat_doors, doesnt_shop_hydraphobe, uniq_nergalle
D:11:     layout_grid_maze, erik_lair_orcish_takeover
Temple:   eino_temple_water
Orc:1:    layout_caves

Skill      XL: |  1  2  3  4  5  6  7  8  9 10 11 |
---------------+----------------------------------+-----
Dodging        | 2 3 4 5 6 7 |  7.7
Stealth        | 6 7 8 9 10 11 12 | 12.1
Fighting       | 3 4 5 6 7 8 |  8.0
Shields        | 2 3 4 |  4.0
Maces & Flails | 1 2 3 5 6 |  6.9
Spellcasting   | 1 2 4 5 |  5.2
Conjurations   | 2 4 5 |  5.3
Fire Magic     | 2 4 5 |  5.3
Short Blades   | |  2.0
Throwing       | |  2.0

Action                   |  1- 3 |  4- 6 |  7- 9 | 10-12 || total
-------------------------+-------+-------+-------+-------++-------
Melee: Dagger            |    72 |   124 |       |       ||   196
       Constrict         |    17 |    41 |    51 |    31 ||   140
       Tentacles         |    13 |    27 |    41 |    51 ||   132
       Mace              |       |    21 |   244 |   251 ||   516
Throw: Dart              |       |    13 |    13 |     8 ||    34
       Throwing net      |       |       |     2 |     3 ||     5
 Cast: Sticky Flame      |       |       |       |    18 ||    18
       Fireball          |       |       |       |     5 ||     5
Invok: Curse Item        |       |       |     4 |     2 ||     6
Evoke: Wand              |       |       |     1 |     5 ||     6
  Use: Scroll            |       |       |     6 |       ||     6
       Potion            |       |       |     1 |     2 ||     3
 Stab: Sleeping          |     9 |    21 |    33 |    21 ||    84
       Held in net/web   |       |       |       |     1 ||     1
Armor: Skin              |    14 |    30 |    32 |    15 ||    91
Dodge: Dodged            |    33 |    85 |   189 |   158 ||   465
Block: Buckler           |       |     2 |    57 |    44 ||   103
